 Dungeon Crawl Stone Soup version 0.29.1 (webtiles) character file.

Game seed: 1162966487758439273

4069 swilekon the Cleaver (level 10, -5/71 HPs)
             Began as an Octopode Monk on Sept 15, 2022.
             Was an Elder of Okawaru.
             Slain by Erica
             ... wielding a +1 scimitar of flaming
              (9 damage)
             ... on level 8 of the Dungeon.
             The game lasted 00:12:01 (8155 turns).

swilekon the Cleaver (Octopode Monk)                Turns: 8155, Time: 00:12:01

Health: -5/71      AC:  1    Str: 14    XL:     10   Next: 25%
Magic:  12/12      EV: 20    Int: 13    God:    Okawaru [****..]
Gold:   393        SH:  5    Dex: 15    Spells: 9/9 levels left

rFire   . . .      SeeInvis .   m - +4 hand axe (freeze)
rCold   . . .      Faith    .   (no shield)
rNeg    + . .      Spirit   .   (helmet restricted)
rPois   .          Reflect  +   l - amulet of reflection
rElec   .          Harm     .   h - ring of positive energy
rCorr   .          Rampage  .   r - +4 ring of evasion
Will    .....                   (no ring)
Stlth   +++.......              (no ring)
HPRegen 0.21/turn               (no ring)
MPRegen 0.13/turn               (no ring)
                                (no ring)
                                (no ring)

@: flying, studying Shields
A: almost no armour, amphibious, 8 rings, camouflage 1, gelatinous body 1,
(nimble swimmer 1), tentacles, antennae 1, low MP 1, evolution 1
a: Renounce Religion, Heroism, Finesse


You were on level 8 of the Dungeon.
You worshipped Okawaru.
Okawaru was greatly pleased with you.
You visited 2 branches of the dungeon, and saw 9 of its levels.
You also visited: Sewer.

You collected 393 gold pieces.

Inventory:

Hand Weapons
 m - a +4 hand axe of freezing (weapon)
Jewellery
 d - a ring of see invisible
 h - a ring of positive energy (left tentacle)
 l - an amulet of reflection (around mantle)
 r - a +4 ring of evasion (right tentacle)
Wands
 f - a wand of flame (4)
 u - a wand of iceblast (4)
Scrolls
 e - a scroll of magic mapping
 g - 2 scrolls of blinking
 j - 3 scrolls of enchant armour
 n - a scroll of fog
 p - a scroll of fear
 t - a scroll of amnesia {unknown}
 v - a scroll of teleportation
Potions
 a - 6 potions of curing
 b - 2 potions of ambrosia
 c - 4 potions of heal wounds
 i - 3 potions of lignification
 k - a potion of attraction
 o - 2 potions of cancellation
 s - 2 potions of mutation


   Skills:
 + Level 7.4 Fighting
 * Level 10.1 Axes
 + Level 7.4 Dodging
 - Level 2.6 Stealth
 + Level 5.5 Invocations


You had 9 spell levels left.
You didn't know any spells.
Your spell library contained the following spells:

 Spells                   Type           Power      Damage    Failure   Level
 Ignite Poison            Fire/Tmut/Pois 0%         N/A       67%         3
 Mephitic Cloud           Conj/Pois/Air  0%         N/A       67%         3
 Ozocubu's Armour         Ice            0%         N/A       67%         3
 Portal Projectile        Hex/Tloc       0%         N/A       67%         3
 Blade Hands              Tmut           0%         N/A       100%        5
 Freezing Cloud           Conj/Ice/Air   0%         6-21      100%        5
 Metabolic Englaciation   Hex/Ice        0%         N/A       100%        5
 Ozocubu's Refrigeration  Ice            0%         4d7       100%        7
 Tukima's Dance           Hex            Unusable   N/A       N/A         3
 Simulacrum               Ice/Necr       Unusable   N/A       N/A         6

Dungeon Overview and Level Annotations

Branches:
Dungeon (8/15)             Temple (1/1) D:4           Sewer (visited)
   Lair: D:8-11

Altars:
Cheibriados
Dithmenos
Elyvilon
Fedhas
Gozag
Hepliaklqana
Kikubaaqudgha
Makhleb
Nemelex Xobeh
Okawaru
Qazlal
Ru
Sif Muna
Trog
Uskayaw
Vehumet
Wu Jian
Xom
Zin
The Shining One

Shops:
D:5 [

Annotations:
D:6 1 runed translucent door, turdburglar's ghost, novice TrFi
D:8 Erica


Innate Abilities, Weirdness & Mutations

You cannot wear most types of armour.
You are amphibious.
You can wear up to eight rings at the same time.
Your skin changes colour to match your surroundings (Stealth+).
Your rubbery body absorbs attacks. (AC +1, EV +1)
((You are camouflaged when in or above water. (Stealth+)))
You have tentacles for arms and can constrict up to eight enemies at once.
You have a pair of small antennae on your head.
Your magical capacity is low. (-10% MP)
You have hidden genetic potential.


Message History

It was a potion of flight.
You feel very buoyant.
You fly up into the air.
Erica gestures at you while chanting. You resist with significant effort.
You hit Erica but do no damage. Your grab misses Erica.
Your squeeze misses Erica.
Erica hits you with a +1 scimitar of flaming!
Erica burns you.
It was a potion of mutation.
You feel extremely strange.
You feel a hidden potential growing inside you.
You feel less energetic. A pair of antennae grows on your head!
Erica points at you and mumbles some strange words.
You resist with significant effort.
Okay, then.
You slash Erica! You freeze Erica. You grab Erica.
Erica is lightly wounded.
You constrict Erica. Erica misses you.
You hit Erica. You freeze Erica.
Erica is moderately wounded.
You constrict Erica, but do no damage. Erica completely misses you.
You hit Erica but do no damage.
Erica is moderately wounded.
You constrict Erica, but do no damage. You hit Erica but do no damage.
You squeeze Erica, but do no damage.
Erica is moderately wounded.
You constrict Erica.
Erica hits you with a +1 scimitar of flaming.
Erica burns you.
You hit Erica but do no damage. You squeeze Erica.
Erica is moderately wounded.
You constrict Erica.
Erica gestures wildly while chanting.
Erica flickers and vanishes!
Deactivating autopickup; reactivate with Ctrl-A.
You slash something! You freeze something. You constrict something.
Something hits you!!
* * * LOW HITPOINT WARNING * * *
Something burns you!
You die...

......... ........# #
#......#. '......#.
...... ####'#.#
#.....)###############
#...>)))..............
#....@########........
#....{# #...<....
......... #........
.........# #........
.(.>...... #).......
........... #........
........... #.....###
#########... #.(......
#........


There were no monsters in sight!

Vanquished Creatures
  A two-headed ogre (D:8)
  Grinder (D:4)
  Menkaure (D:7)
  A water moccasin (D:5)
  3 black bears
  An ice beast (D:7)
  3 sky beasts
  2 ogres
  A centaur (D:7)
  2 phantoms (D:6)
  3 kobold brigands
  2 bullfrogs (D:7)
  3 necrophages
  4 scorpions
  7 wights
  4 jellies
  3 orc priests
  3 hounds
  Crazy Yiuf (D:3)
  2 gnoll boudas (D:6)
  2 orc wizards
  4 iguanas
  17 gnolls
  4 adders
  6 river rats
  A white imp (D:7)
  2 ufetubi
  2 worms
  The ghost of TheBeaver the Sneak, a weakling DsDe (D:5)
  A dart slug (D:2)
  19 orcs
  4 bats
  3 endoplasms
  7 giant cockroaches
  7 goblins
  9 hobgoblins
  7 jackals
  6 kobolds
  6 quokkas
  9 ball pythons
  4 frilled lizards
  11 rats
180 creatures vanquished.

Vanquished Creatures (others)
  13 plants (Sewer)
13 creatures vanquished.

Grand Total: 193 creatures vanquished

Notes
Turn   | Place    | Note
-------+----------+-------------------------------------------
     0 | D:1      | swilekon the Octopode Monk began the quest for the Orb.
     0 | D:1      | Reached XP level 1. HP: 16/16 MP: 1/1
   352 | D:1      | Reached XP level 2. HP: 15/21 MP: 2/2
   961 | D:1      | Found a faded altar of an unknown god.
   961 | D:1      | Noticed a sixfirhy
  1097 | D:2      | Reached XP level 3. HP: 24/26 MP: 3/3
  1929 | D:3      | Found the +1 Delatra's gloves {ID++}
  1936 | D:3      | Reached skill level 4 in Axes
  1936 | D:3      | Reached XP level 4. HP: 19/31 MP: 4/4
  2125 | D:3      | Found a runed translucent door.
  2126 | D:3      | Noticed Crazy Yiuf
  2236 | D:3      | Reached XP level 5. HP: 21/37 MP: 5/5
  2631 | D:3      | Found a burning altar of Makhleb.
  2633 | D:3      | Found a sparkling altar of Nemelex Xobeh.
  2722 | D:3      | Killed Crazy Yiuf
  2811 | D:4      | Noticed a kobold brigand
  2916 | D:3      | Killed a kobold brigand
  2917 | D:3      | Reached skill level 5 in Axes
  2917 | D:3      | Reached XP level 6. HP: 36/43 MP: 6/6
  2971 | D:4      | Found a glowing drain.
  2987 | Sewer    | Entered a sewer
  3378 | Sewer    | Reached XP level 7. HP: 40/49 MP: 7/7
  3710 | D:4      | Reached skill level 6 in Axes
  3792 | D:4      | Found a staircase to the Ecumenical Temple.
  3794 | D:4      | Noticed Grinder
  3798 | D:4      | Paralysed by Grinder for 2 turns
  3806 | D:4      | Killed Grinder
  3807 | D:4      | Reached skill level 5 in Fighting
  3807 | D:4      | Reached skill level 5 in Dodging
  3971 | Temple   | Entered the Ecumenical Temple
  4125 | Temple   | Became a worshipper of Warmaster Okawaru
  4125 | Temple   | Reached * piety under Okawaru
  4125 | Temple   | Reached ** piety under Okawaru
  4600 | D:5      | Entered Level 5 of the Dungeon
  4641 | D:5      | Reached XP level 8. HP: 54/55 MP: 8/8
  4669 | D:5      | Reached skill level 7 in Axes
  4669 | D:5      | Reached skill level 1 in Invocations
  4680 | D:5      | Found Eseillijer's Antique Armour Shoppe.
  5079 | D:5      | Noticed TheBeaver's ghost (weakling DsDe)
  5083 | D:5      | Found a runed translucent door.
  5397 | D:5      | Killed TheBeaver's ghost
  5421 | D:6      | Found a runed translucent door.
  5452 | D:6      | Reached skill level 8 in Axes
  5466 | D:6      | Reached *** piety under Okawaru
  5467 | D:6      | Reached XP level 9. HP: 48/62 MP: 11/11
  5634 | D:6      | Found a bloodstained altar of Trog.
  6472 | D:6      | Noticed turdburglar's ghost (novice TrFi)
  6531 | D:7      | Noticed Menkaure
  6543 | D:7      | Killed Menkaure
  7093 | D:7      | Reached skill level 9 in Axes
  7382 | D:7      | Reached **** piety under Okawaru
  7667 | D:7      | Reached skill level 5 in Invocations
  7667 | D:7      | Reached XP level 10. HP: 42/71 MP: 13/13
  7932 | D:8      | Noticed a two-headed ogre
  7941 | D:8      | Killed a two-headed ogre
  7942 | D:8      | Reached skill level 10 in Axes
  8140 | D:8      | Noticed Erica
  8149 | D:8      | Gained mutation: You have hidden genetic potential. [potion
                  | of mutation]
  8149 | D:8      | Gained mutation: Your magical capacity is low. (-10% MP)
                  | [potion of mutation]
  8149 | D:8      | Gained mutation: You have a pair of small antennae on your
                  | head. [potion of mutation]
  8155 | D:8      | Slain by Erica

Illustrated notes

Levels and vault maps discovered:
D:1:      heliophobic_arrival_glass_houses, layout_basic,
          dreamdust_ecumenical_altar_sealed_demon
D:2:      layout_rooms
D:3:      layout_rooms, nicolae_overflow_two_pavilions,
          pf_guarded_unrand_delatra, uniq_crazy_yiuf_cottage
D:4:      layout_loops_ring, temple_fountains, portal_sewer_entry_c,
          chequers_serial_rivers_large_a, uniq_grinder
D:5:      layout_cave_pools, hellmonk_ghost_happy_afterlife, serial_shops,
          nicolae_shop_advertising_works [nicolae_subvault_shop_adworks]
D:6:      layout_loops_ring, trog_three_pillars_becter, ebering_ghost_sewer_d
D:7:      layout_loops_ring, st_stairs_13, chequers_serial_rivers_micro_b,
          uniq_menkaure
D:8:      layout_basic, enter_bailey_2, kennysheep_small_circle, uniq_grum,
          uniq_erica, uniq_pikel
Temple:   minmay_crystal_spiral_temple

Skill      XL: |  1  2  3  4  5  6  7  8  9 10 |
---------------+-------------------------------+-----
Axes           | 4 5 6 8 9 10 | 10.1
Fighting       | 4 5 6 7 |  7.4
Dodging        | 4 5 6 7 |  7.4
Invocations    | 3 5 |  5.5
Stealth        | |  2.6

Action                   |  1- 3 |  4- 6 |  7- 9 | 10-12 || total
-------------------------+-------+-------+-------+-------++-------
Melee: Hand axe          |    65 |    76 |   229 |    33 ||   403
       Constrict         |    21 |    20 |    54 |     5 ||   100
       Punch             |     2 |     1 |     1 |       ||     4
       Tentacles         |     8 |    13 |    41 |     8 ||    70
  Use: Scroll            |       |    14 |     6 |       ||    20
       Potion            |       |       |       |     2 ||     2
 Stab: Sleeping          |    11 |     2 |    15 |       ||    28
Armor: Skin              |     2 |     4 |     1 |       ||     7
Dodge: Dodged            |    45 |    45 |   115 |    25 ||   230
Block: Other             |     6 |    11 |    38 |     5 ||    60
       Reflection        |       |       |     1 |       ||     1
